 Dungeon Crawl Stone Soup version 0.24.1-14-gf8d2b509d9 (webtiles) character file.

Game seed: 15932642664998998777, levelgen mode: deterministic

197861 tkbsonic5 the Prestidigitator (level 18, 0/140 HPs)
             Began as a Gnoll Artificer on Nov 25, 2021.
             Was a High Priest of Nemelex Xobeh.
             Slain by a wolf spider (6 damage)
             ... on level 4 of the Spider Nest on Nov 28, 2021.
             The game lasted 04:57:53 (29536 turns).

tkbsonic5 the Prestidigitator (Gnoll Artificer)    Turns: 29536, Time: 04:57:55

Health: 0/140      AC: 25    Str: 21    XL:     18   Next: 42%
Magic:  0/34       EV: 20    Int: 17    God:    Nemelex Xobeh [*****.]
Gold:   1712       SH:  0    Dex: 16    Spells: 3/41 levels left

rFire    + . .     SeeInvis +   G - +9 war axe "Fodeud" {freeze, MR+ Int+2}
rCold    . . .     Gourm    .   (no shield)
rNeg     . . .     Faith    .   P - +1 swamp dragon scales
rPois    +         Spirit   +   X - +3 crown of Dyrovepreva {rElec Int+2 SInv}
rElec    +         Reflect  .   A - scarf {Spirit}
rCorr    .         Harm     .   (no gloves)
MR       +++..                  (no boots)
Stlth    ++++......             U - amulet of magic regeneration
HPRegen  1.33/turn              n - +5 ring of protection
MPRegen  0.49/turn              u - +6 ring of protection

@: about to teleport, singing, very slightly contaminated, regenerating
A: distributed training, fangs 1, horns 1, dopey 1, fire resistance 1, magic
resistance 1, evolution 1, subdued magic 1, MP-powered wands, strong nose
}: 1/15 runes: decaying
a: Draw Escape, Draw Destruction, Draw Summoning, Triple Draw, Deal Four, Stack
Five, Renounce Religion


You were on level 4 of the Spider Nest.
You worshipped Nemelex Xobeh.
Nemelex Xobeh was extremely pleased with you.
You were not hungry.

You visited 5 branches of the dungeon, and saw 31 of its levels.
You visited the Abyss 1 time.
You also visited: Ice Cave.

You collected 3182 gold pieces.
You spent 1470 gold pieces at shops.

Inventory:

Hand Weapons
 m - the +7 glaive of Xooreod {flame, rN+++ Str+3 SInv Stlth+, Benny The Butcher}
   (You bought it in a shop on level 9 of the Dungeon)

   It has been specially enchanted to burn those struck by it, causing extra
   injury to most foes and up to half again as much damage against particularly
   susceptible opponents.
   Big, fiery blades are also staple armaments of hydra-hunters.
   It affects your strength (+3).
   It renders you almost immune to negative energy.
   It lets you see invisible.
   It makes you more stealthy.
 w - a +4 vampiric double sword {In House Producer}
 C - a +0 shortbow of freezing {Ice On My Neck}
 G - the +9 war axe "Fodeud" (weapon) {freeze, MR+ Int+2}
   (You found it on level 1 of the Swamp)

   It has been specially enchanted to freeze those struck by it, causing extra
   injury to most foes and up to half again as much damage against particularly
   susceptible opponents.
   It can also slow down cold-blooded creatures.
   It affects your intelligence (+2).
   It affects your resistance to hostile enchantments.
 K - the +10 long sword "Icwain" {pain, rN+ Dex+4 SInv, Pistol Whippe}
   (You found it on level 14 of the Dungeon)

   In the hands of one skilled in necromantic magic, it inflicts extra damage on
   living creatures.
   It affects your dexterity (+4).
   It protects you from negative energy.
   It lets you see invisible.
Missiles
 k - 55 poisoned darts (quivered) {Hooks}
 l - 5 boomerangs {Chorus}
Armour
 g - the cursed +0 scale mail "Sum Bem" {rPois Regen+ Dex+4}
   (You found it on level 4 of the Swamp)

   It affects your dexterity (+4).
   It protects you from poison.
   It increases your rate of regeneration.
   It has a curse placed upon it.
 t - the +5 scale mail of Somewhere Else {rC+ Int+3 Slay+2}
   (You found it on level 3 of the Lair of Beasts)

   It affects your intelligence (+3).
   It affects your accuracy and damage with ranged weapons and melee attacks
   (+2).
   It protects you from cold.
 A - a scarf of spirit shield (worn)
 P - +1 swamp dragon scales (worn)
 T - the +3 leather armour "Nureb" {rC++}
   (You found it on level 15 of the Dungeon)

   It greatly protects you from cold.
 X - the +3 crown of Dyrovepreva (worn) {rElec Int+2 SInv}
   (You found it on level 8 of the Dungeon)

   It affects your intelligence (+2).
   It insulates you from electricity.
   It lets you see invisible.
Jewellery
 n - a +5 ring of protection (left hand)
 p - an uncursed ring of protection from fire
 u - a +6 ring of protection (right hand)
 H - a +2 amulet of reflection
 I - an uncursed ring of resist corrosion
 M - an uncursed ring of wizardry
 Q - an uncursed ring of protection from cold
 S - an uncursed ring of magical power
 U - an amulet of magic regeneration (around neck)
 W - the ring of Bucver {Ice Int+2}
   (You found it on level 14 of the Dungeon)

   [ring of ice]

   It enhances your ice magic.
   It affects your intelligence (+2).
   It makes you vulnerable to fire.
   It protects you from cold.
 Y - the amulet "Cableempim" {rElec Regen+}
   (You found it on level 6 of the Lair of Beasts)

   [amulet of regeneration]

   It insulates you from electricity.
   It increases your rate of regeneration.
Wands
 b - a wand of flame (16)
 d - a wand of enslavement (3)
 e - a wand of digging (15)
 E - a wand of disintegration (25)
 F - a wand of iceblast (39)
 N - a wand of paralysis (1)
 O - a wand of acid (13)
 V - a wand of clouds (1)
Scrolls
 j - 7 scrolls of teleportation
 s - a scroll of fear
 v - a scroll of holy word
 x - 16 scrolls of remove curse
 y - a scroll of magic mapping
 D - a scroll of silence
 L - 4 scrolls of identify
Potions
 o - 5 potions of haste
 q - 3 potions of brilliance
 r - a potion of heal wounds
 z - 6 potions of flight
 B - a potion of ambrosia
Miscellaneous
 c - a phantom mirror
 Z - a phial of floods
Comestibles
 f - 16 rations


   Skills:
 + Level 12.2 Fighting
 + Level 12.2 Short Blades
 + Level 12.0 Long Blades
 + Level 12.0 Axes
 + Level 12.0 Maces & Flails
 + Level 12.0 Polearms
 + Level 12.0 Staves
 + Level 12.0 Slings
 + Level 12.0 Bows
 + Level 12.0 Crossbows
 + Level 12.0 Throwing
 + Level 12.0 Armour
 + Level 12.7 Dodging
 + Level 12.2 Stealth
 + Level 12.0 Shields
 + Level 12.0 Unarmed Combat
 + Level 12.0 Spellcasting
 + Level 10.2 Conjurations
 + Level 10.2 Hexes
 + Level 10.2 Charms
 + Level 10.2 Summonings
 + Level 10.2 Necromancy
 + Level 10.2 Translocations
 + Level 10.2 Transmutations
 + Level 10.2 Fire Magic
 + Level 10.2 Ice Magic
 + Level 10.2 Air Magic
 + Level 10.2 Earth Magic
 + Level 10.2 Poison Magic
 + Level 12.9 Invocations
 + Level 13.3 Evocations


You had 3 spell levels left.
You knew the following spells:

 Your Spells              Type           Power        Failure   Level  Hunger
a - Regeneration          Chrm/Necr      ####......   1%          3    None
b - Vampiric Draining     Necr           ####......   1%          3    None
c - Lee's Rapid Deconstr  Erth           ####......   3%          5    ####...
d - Passwall              Tmut/Erth      ####....     1%          2    None
e - Confusing Touch       Hex            ####..       1%          1    None
f - Petrify               Tmut/Erth      ####....     1%          4    ##.....
g - Animate Dead          Necr           N/A          1%          4    ##.....
h - Apportation           Tloc           ####..       1%          1    None
i - Throw Icicle          Conj/Ice       ####....     1%          4    ##.....
j - Summon Ice Beast      Ice/Summ       ####....     1%          4    ##.....
k - Infusion              Chrm           ####         1%          1    None
l - Throw Frost           Conj/Ice       ####..       1%          2    None
m - Song of Slaying       Chrm           ####....     1%          2    None
n - Swiftness             Chrm/Air       ####....     1%          2    None

Your spell library contained the following spells:

 Spells                   Type           Power        Failure   Level  Hunger
 Animate Skeleton         Necr           N/A          1%          1    None
 Freeze                   Ice            ####         1%          1    None
 Pain                     Necr           ####         1%          1    None
 Sandblast                Erth           ####..       1%          1    None
 Shock                    Conj/Air       ####         1%          1    None
 Summon Small Mammal      Summ           ####         1%          1    None
 Shroud of Golubria       Chrm/Tloc      ####..       1%          2    None
 Ozocubu's Armour         Chrm/Ice       ####....     1%          3    None
 Spectral Weapon          Hex/Chrm       ####....     1%          3    None
 Static Discharge         Conj/Air       ####....     1%          3    None
 Stone Arrow              Conj/Erth      ####..       1%          3    None
 Airstrike                Air            ####......   1%          4    ##.....
 Lightning Bolt           Conj/Air       ####......   3%          5    ####...


Dungeon Overview and Level Annotations

Branches:
Dungeon (15/15)            Temple (0/1) D:4            Lair (6/6) D:11
  Swamp (4/4) Lair:2       Spider (4/4) Lair:2        Slime (0/5) Lair:6
    Orc (2/2) D:9             Elf (0/3) Orc:2        Vaults (0/5) D:14
 Depths (0/5) D:15          IceCv (visited)

Altars:
Cheibriados
Dithmenos
Elyvilon
Fedhas
Hepliaklqana
Makhleb
Nemelex Xobeh
Ru
Sif Muna
Vehumet
Wu Jian

Shops:
D:5 %   D:9 (   D:12 *   D:14 ?   Orc:2 *((*

Annotations:
D:10 exclusion: ice statue
Lair:2 exclusion: oklob plant


Innate Abilities, Weirdness & Mutations

Your experience applies equally to all skills.
You have very sharp teeth.
Your uncanny sense of smell can sniff out nearby items.
You have a pair of small horns on your head.
You are dopey. (Int -2)
Your flesh is heat resistant. (rF+)
You are resistant to hostile enchantments. (MR+)
You evolve.
Your spells are a little easier to cast, but a little less powerful.
You expend magic power (3 MP) to strengthen your wands.


Message History

The emperor scorpion closely misses you.
You hear an angry hiss.
The wolf spider hits you!
* * * LOW HITPOINT WARNING * * *
The wolf spider closely misses you.
The emperor scorpion pulls away from the web.
As you read the scroll of fear, it crumbles to dust.
You assume a fearsome visage.
The emperor scorpion looks frightened!
The moth of wrath looks frightened!
The emperor scorpion looks frightened!
The emperor scorpion easily resists.
The ghost moth resists with almost no effort.
The wolf spider hits you!!
* * * LOW HITPOINT WARNING * * *
The wolf spider completely misses you. x2; The wolf spider barely misses you.
The ghost moth hits you but does no damage. x2
The ghost moth stings you.
* * * LOW HITPOINT WARNING * * *
The wolf spider hits you.
You die...
Your body disappears without a glow.

####^^. ...s #...≈^ #.^...^.
^..... #..... ≈..........sy^.
∆##..... .............^
#...... ..s.... ≈...#####
##...... .^....§##.^##...###
##......^
......§§§§##.....^####.≈....^^
.......☼§§§s...^....########..
........§§°§s@..^...^^.^......
........§§§†y...^..#....^^....
.....≈§^≈§§s.s................
.....^##§§^y.^^....#..........
......^§§#####.^.^^^..^.^.^...
.^.^..§§.. ########..^..^^≈^
#.^.^..... ########..
##....... #.≈..^.^.. ^.....
##^.......


You could see 3 emperor scorpions, a ghost moth (invisible), a wolf spider
(berserk) and a moth of wrath (fleeing).

Vanquished Creatures
  Kirke (D:15)
  2 thorn hunters (Swamp:4)
  A storm dragon (D:13)
  5 ghost moths
  4 emperor scorpions
  Louise (D:15)
  2 entropy weavers
  Azrael (Spider:1)
  The ghost of Wemm the Imperceptible, a journeyman SpEn of Gozag (D:13)
  Josephine (D:11)
  2 fire dragons
  Erolcha (D:9)
  2 ghost crabs (Swamp:4)
  22 hydras
  A vault guard (D:14)
  A catoblepas (D:14)
  4 centaur warriors
  An alligator snapping turtle (D:12)
  Erica (D:9)
  2 shambling mangroves
  8 alligators
  A tengu warrior (D:13)
  7 two-headed ogres
  A thrashing horror (Abyss:1)
  Nergalle (Lair:4)
  3 orc high priests (Orc:2)
  A wretched star (Abyss:1)
  A deep elf knight (D:14)
  3 spriggans (Swamp:2)
  4 skeletal warriors
  A sea snake (Swamp:4)
  2 spriggan druids (Swamp:4)
  2 swamp dragons
  2 unseen horrors
  An unseen horror (shapeshifter) (D:13)
  3 orc knights
  Pikel (D:9)
  11 orb spiders
  31 wolf spiders
  A deep elf mage (D:13)
  9 ugly things
  A salamander (Orc:2)
  6 orc sorcerers
  3 cyclopes
  2 shining eyes
  3 manticores
  2 centaur zombies
  A moth of wrath (Spider:2)
  An elephant (Lair:6)
  Maurice (D:8)
  6 black mambas
  An eye of devastation (Swamp:4)
  A guardian serpent (Lair:6)
  18 spiny frogs
  3 torpor snails
  A hellion (Abyss:1)
  2 rime drakes
  3 komodo dragons
  2 centaur skeletons
  A yaktaur (D:15)
  A redback zombie (D:15)
  A tengu conjurer (D:13)
  7 trolls
  An efreet (D:13)
  5 demonic crawlers
  A meliai (shapeshifter) (D:15)
  30 jumping spiders
  A polar bear (Swamp:4)
  8 tyrant leeches
  12 hornets
  Prince Ribbit (D:6)
  8 blink frogs
  8 slime creatures
  6 bog bodies
  10 hippogriffs
  3 shadows
  2 small abominations (Abyss:1)
  2 water elementals (D:15)
  14 tarantellas
  23 yaks
  64 redbacks
  6 wraiths
  10 wyverns
  Eustachio (D:6)
  A basilisk (Lair:2)
  3 hogs (D:15)
  3 fire elementals (Spider:1)
  A chaos spawn (Abyss:1)
  A steam dragon (D:9)
  2 humans
  15 vampire mosquitoes
  2 hungry ghosts
  2 wargs
  11 insubstantial wisps
  10 swamp worms
  2 acid dragons (D:14)
  2 hell hounds (Spider:1)
  2 soldier ants
  18 water moccasins
  6 porcupines
  A swamp drake (shapeshifter) (D:13)
  Duvessa (D:6)
  12 ice beasts
  3 sky beasts
  A slave (D:9)
  4 phantoms
  10 ogres
  15 orc warriors
  A black bear (D:12)
  2 necrophages (D:6)
  8 swamp drakes
  A wolf (Lair:1)
  10 centaurs
  9 crocodiles
  A big kobold (D:8)
  18 bullfrogs
  Dowan (D:6)
  2 scorpions
  7 killer bees
  3 wights (D:7)
  2 howler monkeys (D:9)
  2 electric eels
  6 crimson imps
  A bullfrog zombie (D:12)
  4 hounds
  15 orc priests
  An iron imp (D:13)
  12 jellies
  5 iguanas
  14 orc wizards
  Natasha (thrice) (D:2)
  10 worker ants
  A hound zombie (D:5)
  A hound skeleton (D:3)
  A howler monkey zombie (D:5)
  A worker ant zombie (D:10)
  Robin (D:2)
  6 gnolls
  15 adders
  A shadow imp (D:11)
  7 white imps (D:11)
  An ufetubus (Abyss:1)
  8 oozes
  An adder zombie (D:5)
  4 adder skeletons
  3 worms
  A ball lightning (D:15)
  5 leopard geckos
  61 orcs
  A ball python (D:5)
  4 giant cockroaches
  7 goblins
  5 hobgoblins
  9 jackals
  5 quokkas
  5 bats
  3 frilled lizards
  9 kobolds
  A quokka zombie (D:9)
  8 rats
  A briar patch (Swamp:4)
  A fungus (Lair:3)
  A plant (Lair:6)
  A toadstool (D:4)
878 creatures vanquished.

Vanquished Creatures (collateral kills)
  A thorn hunter (Swamp:2)
  An emperor scorpion (Spider:3)
  A very ugly thing (Swamp:2)
  A yaktaur captain (D:15)
  An ice dragon (D:14)
  10 hydras
  A ghost crab (Swamp:3)
  A shambling mangrove (Swamp:1)
  4 alligators
  A two-headed ogre (D:12)
  2 skeletal warriors (D:14)
  5 swamp dragons
  10 wolf spiders
  5 ugly things
  2 orc sorcerers (D:15)
  8 orb spiders
  A centaur zombie (D:12)
  A black mamba (Lair:6)
  4 elephants (Lair:6)
  A torpor snail (Swamp:2)
  6 spiny frogs
  2 demonic crawlers
  A komodo dragon (Lair:1)
  A rime drake (Swamp:2)
  A merfolk (Swamp:2)
  2 tyrant leeches
  10 jumping spiders
  4 hornets
  5 blink frogs
  8 bog bodies
  A hippogriff (D:15)
  A slime creature (D:13)
  A shadow (D:15)
  22 redbacks
  10 tarantellas
  10 yaks
  A basilisk (D:15)
  2 wraiths
  4 wyverns (Lair:6)
  A water elemental (D:14)
  A hog (D:15)
  8 vampire mosquitoes
  3 insubstantial wisps (Swamp:1)
  4 water moccasins
  5 swamp worms
  4 orc warriors
  6 swamp drakes
  An ice beast (D:10)
  An eye of draining (D:15)
  3 centaurs
  A crocodile (Lair:6)
  2 bullfrogs
  A scorpion (D:7)
  4 killer bees (D:10)
  A wight (D:7)
  An electric eel (D:14)
  A howler monkey (D:13)
  3 crimson imps
  A hound (D:7)
  An orc priest (D:10)
  An orc wizard (D:10)
  2 gnolls (D:6)
  A shadow imp (D:14)
  5 white imps (D:11)
  An adder skeleton (D:9)
  12 orcs
  2 hobgoblins (D:2)
  A jackal (D:8)
  3 briar patches (Swamp:2)
  3 fungi (Lair:6)
  A plant (Lair:6)
238 creatures vanquished.

Vanquished Creatures (others)
  A shock serpent (Swamp:4)
  A skeletal warrior (D:15)
  An orc knight (Orc:2)
  A wolf spider (Spider:4)
  2 jumping spiders (Spider:1)
  2 slime creatures
  2 snapping turtles (Swamp:4)
  A shadow (D:15)
  A vampire mosquito (Lair:5)
  2 water moccasins
  2 orc priests
  An orc wizard (D:15)
  A gnoll (D:3)
  4 ball lightnings
  An orc (D:15)
  2 hobgoblins (D:2)
  A jackal (D:1)
  A bat (D:1)
  A rat (D:1)
  A briar patch (Swamp:4)
  5 fungi
  22 plants
  5 toadstools (D:4)
61 creatures vanquished.

Grand Total: 1177 creatures vanquished

Notes
Turn   | Place    | Note
-------+----------+-------------------------------------------
     0 | D:1      | tkbsonic5 the Gnoll Artificer began the quest for the Orb.
     0 | D:1      | Reached XP level 1. HP: 17/17 MP: 4/4
   209 | D:1      | Reached XP level 2. HP: 19/23 MP: 6/6
  1080 | D:2      | Reached XP level 3. HP: 28/28 MP: 7/7
  1084 | D:2      | Found a sparkling altar of Nemelex Xobeh.
  1272 | D:2      | Noticed Robin
  1277 | D:2      | Killed Robin
  1277 | D:2      | Reached skill level 1 in Invocations
  1309 | D:2      | Reached skill level 1 in Long Blades
  1309 | D:2      | Reached skill level 1 in Axes
  1309 | D:2      | Reached skill level 1 in Maces & Flails
  1309 | D:2      | Reached skill level 1 in Polearms
  1309 | D:2      | Reached skill level 1 in Staves
  1309 | D:2      | Reached skill level 1 in Slings
  1309 | D:2      | Reached skill level 1 in Bows
  1309 | D:2      | Reached skill level 1 in Crossbows
  1309 | D:2      | Reached skill level 1 in Throwing
  1309 | D:2      | Reached skill level 1 in Armour
  1309 | D:2      | Reached skill level 1 in Shields
  1309 | D:2      | Reached skill level 1 in Unarmed Combat
  1309 | D:2      | Reached skill level 1 in Spellcasting
  1309 | D:2      | Reached XP level 4. HP: 26/34 MP: 8/8
  1314 | D:2      | Became a worshipper of Nemelex Xobeh the Trickster
  1389 | D:2      | Noticed Natasha
  1391 | D:2      | Killed Natasha
  1391 | D:2      | Reached skill level 1 in Conjurations
  1391 | D:2      | Reached skill level 1 in Hexes
  1391 | D:2      | Reached skill level 1 in Charms
  1391 | D:2      | Reached skill level 1 in Summonings
  1391 | D:2      | Reached skill level 1 in Necromancy
  1391 | D:2      | Reached skill level 1 in Translocations
  1391 | D:2      | Reached skill level 1 in Transmutations
  1391 | D:2      | Reached skill level 1 in Fire Magic
  1391 | D:2      | Reached skill level 1 in Ice Magic
  1391 | D:2      | Reached skill level 1 in Air Magic
  1391 | D:2      | Reached skill level 1 in Earth Magic
  1391 | D:2      | Reached skill level 1 in Poison Magic
  1422 | D:2      | Found a sacrificial altar of Ru.
  1453 | D:2      | Received a gift from Nemelex Xobeh
  1490 | D:2      | Noticed Natasha
  1508 | D:2      | Killed Natasha
  1508 | D:2      | Reached XP level 5. HP: 30/40 MP: 9/9
  1629 | D:2      | Noticed Natasha
  1637 | D:2      | Killed Natasha
  2054 | D:3      | Identified the +0 hand axe "Watiptoe" {drain, +Rage rElec
                  | MR- Int+9}
  2068 | D:3      | Reached XP level 6. HP: 24/47 MP: 11/11
  2806 | D:4      | Reached * piety under Nemelex Xobeh
  2863 | D:4      | Reached skill level 5 in Dodging
  2917 | D:4      | Found a staircase to the Ecumenical Temple.
  2942 | D:4      | Received a gift from Nemelex Xobeh
  3051 | D:4      | Found a shimmering blue altar of Sif Muna.
  3218 | D:4      | You fall into a shaft and drop 1 floor!
  3218 | D:5      | Entered Level 5 of the Dungeon
  3251 | D:5      | Reached XP level 7. HP: 48/52 MP: 12/12
  3361 | D:5      | Reached skill level 7 in Evocations
  3667 | D:5      | Found Jifacuob's Food Shoppe.
  3845 | D:5      | Learned a level 3 spell: Regeneration
  3849 | D:5      | Learned a level 3 spell: Vampiric Draining
  3851 | D:5      | Learned a level 1 spell: Pain
  3853 | D:5      | Learned a level 1 spell: Animate Skeleton
  3868 | D:5      | Found a radiant altar of Vehumet.
  3870 | D:5      | Found a hazy altar of Hepliaklqana.
  3952 | D:5      | Received a gift from Nemelex Xobeh
  4043 | D:6      | Noticed Dowan
  4046 | D:6      | Noticed Duvessa
  4059 | D:6      | Killed Duvessa
  4059 | D:6      | Reached XP level 8. HP: 53/60 MP: 13/13
  4066 | D:6      | Killed Dowan
  4122 | D:6      | Reached ** piety under Nemelex Xobeh
  4162 | D:6      | Found a blossoming altar of Fedhas.
  4480 | D:6      | Found a white marble altar of Elyvilon.
  4480 | D:6      | Found an ornate altar of the Wu Jian Council.
  4504 | D:6      | Found a shadowy altar of Dithmenos.
  4505 | D:6      | Noticed Eustachio
  4517 | D:6      | Killed Eustachio
  4545 | D:6      | Noticed Prince Ribbit
  4555 | D:6      | Killed Prince Ribbit
  4823 | D:6      | Found a burning altar of Makhleb.
  5102 | D:6      | Received a gift from Nemelex Xobeh
  5216 | D:7      | Noticed a hellwing
  5217 | D:7      | Reached XP level 9. HP: 57/63 MP: 14/14
  5230 | D:7      | Noticed a troll
  5245 | D:7      | Killed a troll
  5437 | D:7      | Reached skill level 5 in Fighting
  5437 | D:7      | Reached skill level 5 in Short Blades
  5726 | D:7      | Learned a level 1 spell: Confusing Touch
  5728 | D:7      | Learned a level 1 spell: Summon Small Mammal
  5733 | D:7      | Learned a level 4 spell: Animate Dead
  5735 | D:7      | Learned a level 1 spell: Apportation
  5756 | D:7      | Reached skill level 5 in Stealth
  5789 | D:7      | Found a snail-covered altar of Cheibriados.
  5894 | D:8      | Received a gift from Nemelex Xobeh
  5913 | D:8      | Reached *** piety under Nemelex Xobeh
  5940 | D:8      | Reached skill level 8 in Evocations
  5954 | D:8      | Noticed a two-headed ogre
  5966 | D:8      | Killed a two-headed ogre
  5966 | D:8      | Reached skill level 5 in Invocations
  5966 | D:8      | Reached XP level 10. HP: 71/71 MP: 15/17
  6236 | D:8      | Found the +3 crown of Dyrovepreva {rElec Int+2 SInv}
  6254 | D:8      | Reached skill level 5 in Long Blades
  6254 | D:8      | Reached skill level 5 in Axes
  6254 | D:8      | Reached skill level 5 in Maces & Flails
  6254 | D:8      | Reached skill level 5 in Polearms
  6254 | D:8      | Reached skill level 5 in Staves
  6254 | D:8      | Reached skill level 5 in Slings
  6254 | D:8      | Reached skill level 5 in Bows
  6254 | D:8      | Reached skill level 5 in Crossbows
  6254 | D:8      | Reached skill level 5 in Throwing
  6254 | D:8      | Reached skill level 5 in Armour
  6254 | D:8      | Reached skill level 5 in Shields
  6254 | D:8      | Reached skill level 5 in Unarmed Combat
  6254 | D:8      | Reached skill level 5 in Spellcasting
  6459 | D:8      | Received a gift from Nemelex Xobeh
  6471 | D:8      | Identified the -1 trident of Jixaal {vamp, rF+ MP+9 Int+2
                  | Dex+2}
  6535 | D:8      | Noticed a two-headed ogre
  6557 | D:8      | Killed a two-headed ogre
  6691 | D:8      | Noticed Maurice
  6707 | D:8      | Killed Maurice
  7125 | D:9      | Found Zevocith's Antique Weapon Shop.
  7132 | D:9      | Bought a scorched glaive for 368 gold pieces
  7132 | D:9      | Identified the +7 glaive of Xooreod {flame, rN+++ Str+3
                  | SInv Stlth+} (You bought it in a shop on level 9 of the
                  | Dungeon)
  7209 | D:9      | Identified the +2 trident of Fimbulwinter {drain, rC+
                  | Dex+2}
  7422 | D:9      | Noticed Erica
  7426 | D:9      | Killed Erica
  7426 | D:9      | Reached XP level 11. HP: 80/80 MP: 19/19
  7484 | D:9      | Noticed a two-headed ogre
  7503 | D:9      | Killed a two-headed ogre
  7503 | D:9      | Reached skill level 9 in Evocations
  7575 | D:9      | Received a gift from Nemelex Xobeh
  7590 | D:9      | Found a staircase to the Orcish Mines.
  7616 | D:9      | Noticed Pikel
  7621 | D:9      | Killed Pikel
  7621 | D:9      | Reached skill level 5 in Conjurations
  7621 | D:9      | Reached skill level 5 in Hexes
  7621 | D:9      | Reached skill level 5 in Charms
  7621 | D:9      | Reached skill level 5 in Summonings
  7621 | D:9      | Reached skill level 5 in Necromancy
  7621 | D:9      | Reached skill level 5 in Translocations
  7621 | D:9      | Reached skill level 5 in Transmutations
  7621 | D:9      | Reached skill level 5 in Fire Magic
  7621 | D:9      | Reached skill level 5 in Ice Magic
  7621 | D:9      | Reached skill level 5 in Air Magic
  7621 | D:9      | Reached skill level 5 in Earth Magic
  7621 | D:9      | Reached skill level 5 in Poison Magic
  7712 | D:9      | Noticed Erolcha
  7719 | D:9      | Killed Erolcha
  7962 | D:10     | Entered Level 10 of the Dungeon
  7965 | D:10     | Noticed a two-headed ogre
  7982 | D:10     | Killed a two-headed ogre
  8093 | D:10     | Reached **** piety under Nemelex Xobeh
  8185 | D:10     | Received a gift from Nemelex Xobeh
  8258 | D:9      | Noticed an unseen horror
  8258 | D:9      | a hippogriff changed into an unseen horror
  8259 | D:9      | Killed an unseen horror
  8697 | D:10     | Received a gift from Nemelex Xobeh
  9198 | D:11     | Found a staircase to the Lair.
  9232 | D:11     | Reached XP level 12. HP: 91/91 MP: 22/22
  9305 | D:11     | Received a gift from Nemelex Xobeh
  9381 | D:11     | Noticed a six-headed hydra
  9387 | D:11     | Killed a six-headed hydra
  9406 | D:11     | Found a frozen archway.
  9441 | D:11     | Noticed Josephine
  9451 | D:11     | Killed Josephine
  9477 | IceCv    | Entered an ice cave
  9704 | D:11     | Found a flagged portal.
  9748 | D:11     | Reached ***** piety under Nemelex Xobeh
 10185 | Lair:1   | Entered Level 1 of the Lair of Beasts
 10185 | Lair:1   | Received a gift from Nemelex Xobeh
 10185 | Lair:1   | Noticed a four-headed hydra
 10189 | Lair:1   | Killed a three-headed hydra
 10765 | Lair:1   | Received a gift from Nemelex Xobeh
 10904 | Lair:2   | Gained mutation: You have a pair of small horns on your
                  | head. [potion of mutation]
 10904 | Lair:2   | Gained mutation: Your spells are a little easier to cast,
                  | but a little less powerful. [potion of mutation]
 10904 | Lair:2   | Gained mutation: You evolve. [potion of mutation]
 11108 | Lair:2   | Reached skill level 10 in Evocations
 11139 | Lair:2   | Found a staircase to the Swamp.
 11386 | Lair:2   | Received a gift from Nemelex Xobeh
 11887 | Lair:3   | Reached XP level 13. HP: 81/98 MP: 18/24
 11942 | Lair:3   | Got a fine scale mail
 11953 | Lair:3   | Identified the +5 scale mail of Somewhere Else {rC+ Int+3
                  | Slay+2} (You found it on level 3 of the Lair of Beasts)
 12060 | Lair:3   | Gained mutation: You are resistant to hostile enchantments.
                  | (MR+) [evolution]
 12604 | Lair:4   | Received a gift from Nemelex Xobeh
 12744 | Lair:4   | Noticed Nergalle
 12754 | Lair:4   | Killed Nergalle
 13153 | Lair:4   | Received a gift from Nemelex Xobeh
 13381 | Lair:5   | Identified the +2 long sword of Ditidum {freeze, rPois
                  | Str+3 Dex+5}
 13428 | Lair:5   | Received a gift from Nemelex Xobeh
 13631 | Lair:5   | Reached ****** piety under Nemelex Xobeh
 13659 | Lair:5   | Received a gift from Nemelex Xobeh
 13763 | Lair:6   | Entered Level 6 of the Lair of Beasts
 13871 | Lair:6   | Found a gate leading to a gauntlet.
 13981 | Lair:6   | Found a staircase to the Slime Pits.
 14053 | Lair:6   | Got a sparkling bronze amulet
 14055 | Lair:6   | Identified the amulet "Cableempim" {rElec Regen+} (You
                  | found it on level 6 of the Lair of Beasts)
 14173 | Lair:6   | Received a gift from Nemelex Xobeh
 14224 | Lair:6   | Reached XP level 14. HP: 54/108 MP: 19/26
 14678 | D:12     | Reached skill level 10 in Dodging
 14927 | D:12     | Learned a level 4 spell: Throw Icicle
 14932 | D:12     | Learned a level 4 spell: Summon Ice Beast
 14936 | D:12     | Learned a level 3 spell: Ozocubu's Armour
 14939 | D:12     | Learned a level 2 spell: Throw Frost
 14941 | D:12     | Learned a level 1 spell: Freeze
 14963 | D:12     | Got a slimy scale mail
 14974 | D:12     | Identified the cursed +0 scale mail of Trumpets {Int+3
                  | Stlth+} (You found it on level 12 of the Dungeon)
 15155 | D:12     | Reached skill level 11 in Evocations
 15250 | D:12     | Noticed Rupert
 15256 | D:12     | Noticed Rupert
 15256 | D:12     | Rupert changed into Rupert the alligator snapping turtle
 15264 | D:12     | Killed Rupert the alligator snapping turtle
 15298 | D:12     | Got a clouded ruby amulet
 15328 | D:12     | Found Edduusecw's Assorted Antiques.
 15335 | D:12     | Bought a glowing double sword for 504 gold pieces
 15419 | D:13     | Noticed Jorgrun
 15434 | D:13     | Noticed Jorgrun
 15434 | D:13     | Jorgrun changed into Jorgrun the storm dragon
 15435 | D:13     | Killed Jorgrun the storm dragon
 15455 | D:13     | Received a gift from Nemelex Xobeh
 16034 | D:13     | Reached skill level 10 in Invocations
 16529 | D:13     | Found a runed translucent gate.
 16529 | D:13     | Noticed Wemm's ghost (journeyman SpEn)
 16530 | D:13     | Found a runed translucent gate.
 16530 | D:13     | Found a runed translucent gate.
 16531 | D:13     | Found the +8 demon trident "Rift" {distort, reach+}
 16556 | D:13     | Killed Wemm's ghost
 16772 | D:14     | Learned a level 2 spell: Passwall
 16824 | D:14     | Received a gift from Nemelex Xobeh
 17123 | D:14     | Reached XP level 15. HP: 97/115 MP: 18/28
 17146 | D:14     | Found Rous's Magic Scroll Boutique.
 17156 | D:14     | Bought a scroll of enchant weapon for 112 gold pieces
 17156 | D:14     | Bought 3 scrolls of amnesia for 157 gold pieces
 17156 | D:14     | Bought a scroll of amnesia for 52 gold pieces
 17156 | D:14     | Bought a scroll of identify for 30 gold pieces
 17156 | D:14     | Bought a scroll of identify for 30 gold pieces
 17156 | D:14     | Bought a scroll of silence for 112 gold pieces
 17158 | D:14     | Identified the amulet "Bam Neso" {Harm *Drain rPois Dex+5
                  | Stlth+} (You found it on level 12 of the Dungeon)
 17269 | D:14     | Found a gate to the Vaults.
 17482 | D:14     | Reached skill level 10 in Fighting
 17482 | D:14     | Reached skill level 10 in Short Blades
 17499 | D:14     | Gained mutation: Your flesh is heat resistant. (rF+)
                  | [evolution]
 17508 | D:14     | Got a steaming wooden ring
 17597 | D:14     | Got a crystal long sword
 17598 | D:14     | Identified the +10 long sword "Icwain" {pain, rN+ Dex+4
                  | SInv} (You found it on level 14 of the Dungeon)
 17738 | D:14     | Identified the ring of Bucver {Ice Int+2} (You found it on
                  | level 14 of the Dungeon)
 17805 | D:14     | Received a gift from Nemelex Xobeh
 18124 | D:15     | Entered Level 15 of the Dungeon
 18141 | D:15     | Reached skill level 10 in Stealth
 18203 | D:15     | Noticed Kirke
 18222 | D:15     | Noticed a sphinx
 18291 | D:15     | Noticed Louise
 18340 | D:15     | Killed Louise
 18381 | D:15     | Learned a level 4 spell: Petrify
 18392 | D:15     | Learned a level 5 spell: Lee's Rapid Deconstruction
 18618 | D:15     | Killed Kirke
 18922 | D:15     | Reached skill level 10 in Long Blades
 18922 | D:15     | Reached skill level 10 in Axes
 18922 | D:15     | Reached skill level 10 in Maces & Flails
 18922 | D:15     | Reached skill level 10 in Polearms
 18922 | D:15     | Reached skill level 10 in Staves
 18922 | D:15     | Reached skill level 10 in Slings
 18922 | D:15     | Reached skill level 10 in Bows
 18922 | D:15     | Reached skill level 10 in Crossbows
 18922 | D:15     | Reached skill level 10 in Throwing
 18922 | D:15     | Reached skill level 10 in Armour
 18922 | D:15     | Reached skill level 10 in Shields
 18922 | D:15     | Reached skill level 10 in Unarmed Combat
 18922 | D:15     | Reached skill level 10 in Spellcasting
 19105 | D:15     | Received a gift from Nemelex Xobeh
 19124 | D:15     | Got a jewelled leather armour
 19135 | D:15     | Identified the +3 leather armour "Nureb" {rC++} (You found
                  | it on level 15 of the Dungeon)
 19262 | D:15     | Found a staircase to the Depths.
 19422 | Orc:1    | Entered Level 1 of the Orcish Mines
 19811 | Orc:2    | Entered Level 2 of the Orcish Mines
 19926 | Orc:2    | Found a staircase to the Elven Halls.
 20183 | Orc:2    | Received a gift from Nemelex Xobeh
 20435 | Orc:2    | Found Vecvuuh's Assorted Antiques.
 20719 | Orc:2    | Found Raiwnakle's Antique Weapon Emporium.
 20720 | Orc:2    | Found Esoisu Nywn's General Store.
 20729 | Orc:2    | Found Sat Dera's Weapon Boutique.
 20736 | Orc:2    | Learned a level 1 spell: Infusion
 20746 | Orc:2    | Bought a scroll of enchant armour for 105 gold pieces
 21196 | Swamp:1  | Entered Level 1 of the Swamp
 21231 | Swamp:1  | Received a gift from Nemelex Xobeh
 21333 | Swamp:1  | Reached skill level 12 in Evocations
 21349 | Swamp:1  | Reached XP level 16. HP: 38/124 MP: 8/30
 21692 | Swamp:1  | Got a smoking war axe
 21722 | Swamp:1  | Received a gift from Nemelex Xobeh
 22054 | Swamp:2  | Identified the +9 war axe "Fodeud" {freeze, MR+ Int+2} (You
                  | found it on level 1 of the Swamp)
 22214 | Swamp:2  | Noticed a thorn hunter
 22219 | Swamp:2  | Learned a level 2 spell: Song of Slaying
 22235 | Swamp:2  | Killed a thorn hunter
 22335 | Swamp:2  | Received a gift from Nemelex Xobeh
 22996 | Swamp:3  | Cast into level 1 of the Abyss (drawing a card)
 22996 | Abyss:1  | Received a gift from Nemelex Xobeh
 23141 | Abyss:1  | Noticed a profane servitor
 23250 | Swamp:3  | Escaped the Abyss
 23437 | Swamp:3  | Gained mutation: You are dopey. (Int -2) [evolution]
 23481 | Swamp:3  | Received a gift from Nemelex Xobeh
 23628 | Swamp:4  | Entered Level 4 of the Swamp
 24134 | Swamp:4  | Noticed a thorn hunter
 24142 | Swamp:4  | Noticed a thorn hunter
 24180 | Swamp:4  | Killed a thorn hunter
 24288 | Swamp:4  | HP: 3/125 [thorn hunter/volley of thorns (28)]
 24296 | Swamp:4  | Killed a thorn hunter
 24305 | Swamp:4  | Reached XP level 17. HP: 25/131 MP: 4/32
 24818 | Swamp:4  | Got a dazzling scale mail
 24848 | Swamp:4  | Got a decaying rune of Zot
 24882 | Swamp:4  | Learned a level 2 spell: Swiftness
 24882 | Swamp:4  | Identified the cursed +0 scale mail "Sum Bem" {rPois Regen+
                  | Dex+4} (You found it on level 4 of the Swamp)
 25282 | Lair:2   | Found a hole to the Spider Nest.
 25764 | Spider:1 | Entered Level 1 of the Spider Nest
 25996 | Spider:1 | Noticed Azrael
 26055 | Spider:1 | Killed Azrael
 26281 | Spider:1 | Gained mutation: You expend magic power (3 MP) to
                  | strengthen your wands. [evolution]
 26683 | Spider:1 | Received a gift from Nemelex Xobeh
 27330 | Spider:2 | Reached skill level 13 in Evocations
 27636 | Spider:3 | Received a gift from Nemelex Xobeh
 27792 | Spider:3 | Reached skill level 10 in Conjurations
 27792 | Spider:3 | Reached skill level 10 in Hexes
 27792 | Spider:3 | Reached skill level 10 in Charms
 27792 | Spider:3 | Reached skill level 10 in Summonings
 27792 | Spider:3 | Reached skill level 10 in Necromancy
 27792 | Spider:3 | Reached skill level 10 in Translocations
 27792 | Spider:3 | Reached skill level 10 in Transmutations
 27792 | Spider:3 | Reached skill level 10 in Fire Magic
 27792 | Spider:3 | Reached skill level 10 in Ice Magic
 27792 | Spider:3 | Reached skill level 10 in Air Magic
 27792 | Spider:3 | Reached skill level 10 in Earth Magic
 27792 | Spider:3 | Reached skill level 10 in Poison Magic
 28014 | Spider:3 | Reached XP level 18. HP: 133/140 MP: 28/33
 28386 | Spider:4 | Entered Level 4 of the Spider Nest
 29536 | Spider:4 | HP: 6/140 [ghost moth (4)]
 29536 | Spider:4 | Slain by a wolf spider

Levels and vault maps discovered:
D:1:      dpeg_arrival_chase, layout_rooms, minmay_misc_feat_pillars,
          lemuel_flame_loot_1
D:2:      layout_rooms, nemelex_xobeh_ov_fountains_minmay, first_ration,
          nicolae_ru_awakened_eye, uniq_natasha, uniq_robin
D:3:      layout_loops_ring, nrook_mini_vaults, serial_bayou_lagoon_a,
          serial_park_tiny_pond
D:4:      layout_loops_ring, kennysheep_little_box, minmay_temple_entry_tees,
          serial_park_tiny_1, minmay_gold_behind_fungi, led_sif_pool
D:5:      layout_loops_ring, amethyst_overflow_temple_binary, serial_shops, shop
D:6:      layout_loops_corners, fedhas_altar_3,
          gammafunk_temple_overflow_elements, makhleb_grotto_becter,
          grunt_dithmenos_smoke, uniq_prince_ribbit1, uniq_duvessa,
          uniq_eustachio
D:7:      layout_rooms, cheibriados_altar_1
D:8:      layout_cave_pods, uniq_maurice
D:9:      layout_gridville, david_orc_3, serial_shops, shop, uniq_erica,
          uniq_pikel, uniq_erolcha
D:10:     layout_irregular_city, small_chamber_with_monster,
          minmay_statue_bubble
D:11:     layout_stronghold, lair_entry_dummy, portal_ice_cave_entry_imps,
          enter_bailey_2, uniq_josephine
D:12:     layout_roguey, serial_shops, shop, uniq_rupert
D:13:     layout_loops_ring, ebering_ghost_rock_garden,
          hangedman_little_slice_of_home, uniq_jorgrun
D:14:     dragon1_lemuel, layout_irregular_city, david_vaults_5, serial_shops,
          shop_fountains, kennysheep_pointless_box, lightli_minifort
D:15:     grunt_enter_depths_snipers, layout_long_grid, hex_medium,
          serial_bayou_lagoon_b, uniq_louise, uniq_kirke
Lair:1:   layout_hall_layers, beast_lair_carwin_4
Lair:2:   layout_cave_pods, skrybe_swamp_entry_bodies,
          spider_nest_entry_funnel_web, patterned_corridor,
          infiniplex_staircase_pool_2, minmay_lair_oklob_chamber,
          grunt_megastairs_3
Lair:3:   layout_roguey
Lair:4:   layout_hall_layers, chequers_serial_rivers_micro_d, uniq_nergalle
Lair:5:   layout_cave_shapes, pond
Lair:6:   hangedman_lair_tendril_chambers, layout_regular_city,
          minmay_slime_entry_pillars, gauntlet_entry_generic, wad_woods_antlair
Swamp:1:  layout_falls_marsh, hangedman_swamp_pad, infiniplex_staircase_pool
Swamp:2:  layout_basic_swamp, evilmike_swamp_ruin_house_1, swamp_pool1,
          nicolae_swamp_dense_foliage
Swamp:3:  layout_basic_swamp, evilmike_swamp_ruin_house_6, swamp_pool1
Swamp:4:  swamp_basic_johnstein, layout_basic_swamp
Spider:1: layout_spider_delve, uniq_azrael
Spider:2: layout_spider_delve, guppyfry_spider_mini_1
Spider:3: layout_spider_delve, nicolae_orb_stairs, nicolae_spider_cling_halls
Spider:4: grunt_spider_rune_parallel
Orc:1:    layout_caves
Orc:2:    st_orc_elflike, layout_diamond_mine

Skill      XL: |  1  2  3  4  5  6  7  8  9 10 11 12 13 14 15 16 17 18 |
---------------+-------------------------------------------------------+-----
Invocations    | 1 2 3 4 5 6 7 8 9 10 11 12 | 12.9
Long Blades    | 1 2 3 4 5 6 7 8 9 10 11 12 | 12.0
Axes           | 1 2 3 4 5 6 7 8 9 10 11 12 | 12.0
Maces & Flails | 1 2 3 4 5 6 7 8 9 10 11 12 | 12.0
Polearms       | 1 2 3 4 5 6 7 8 9 10 11 12 | 12.0
Staves         | 1 2 3 4 5 6 7 8 9 10 11 12 | 12.0
Slings         | 1 2 3 4 5 6 7 8 9 10 11 12 | 12.0
Bows           | 1 2 3 4 5 6 7 8 9 10 11 12 | 12.0
Crossbows      | 1 2 3 4 5 6 7 8 9 10 11 12 | 12.0
Throwing       | 1 2 3 4 5 6 7 8 9 10 11 12 | 12.0
Armour         | 1 2 3 4 5 6 7 8 9 10 11 12 | 12.0
Shields        | 1 2 3 4 5 6 7 8 9 10 11 12 | 12.0
Unarmed Combat | 1 2 3 4 5 6 7 8 9 10 11 12 | 12.0
Spellcasting   | 1 2 3 4 5 6 7 8 9 10 11 12 | 12.0
Conjurations   | 1 2 3 4 5 6 7 8 9 10 | 10.2
Hexes          | 1 2 3 4 5 6 7 8 9 10 | 10.2
Charms         | 1 2 3 4 5 6 7 8 9 10 | 10.2
Summonings     | 1 2 3 4 5 6 7 8 9 10 | 10.2
Necromancy     | 1 2 3 4 5 6 7 8 9 10 | 10.2
Translocations | 1 2 3 4 5 6 7 8 9 10 | 10.2
Transmutations | 1 2 3 4 5 6 7 8 9 10 | 10.2
Fire Magic     | 1 2 3 4 5 6 7 8 9 10 | 10.2
Ice Magic      | 1 2 3 4 5 6 7 8 9 10 | 10.2
Air Magic      | 1 2 3 4 5 6 7 8 9 10 | 10.2
Earth Magic    | 1 2 3 4 5 6 7 8 9 10 | 10.2
Poison Magic   | 1 2 3 4 5 6 7 8 9 10 | 10.2
Fighting       | 3 4 5 6 7 8 9 10 11 12 | 12.2
Short Blades   | 3 4 5 6 7 8 9 10 11 12 | 12.2
Stealth        | 3 4 5 6 7 8 9 10 11 12 | 12.2
Dodging        | 5 6 7 8 9 10 11 12 | 12.7
Evocations     | 7 8 9 10 11 12 13 | 13.3

Action                   |  1- 3 |  4- 6 |  7- 9 | 10-12 | 13-15 | 16-18 || total
-------------------------+-------+-------+-------+-------+-------+-------++-------
Melee: Spear             |    52 |       |       |       |       |       ||    52
       Short sword       |    10 |       |       |       |       |       ||    10
       Bite              |    13 |    16 |    31 |    42 |   119 |   100 ||   321
       Dagger            |    19 |    52 |       |       |       |       ||    71
       Mace              |    19 |    20 |       |       |       |       ||    39
       Trident           |       |   103 |   211 |    66 |       |       ||   380
       War axe           |       |       |     2 |       |       |   435 ||   437
       Falchion          |       |       |    37 |       |       |       ||    37
       Punch             |       |       |     2 |     2 |    20 |    35 ||    59
       Great mace        |       |       |       |    23 |       |       ||    23
       Glaive            |       |       |       |   307 |   512 |   230 ||  1049
       Headbutt          |       |       |       |    19 |   186 |   195 ||   400
       Shortbow          |       |       |       |     1 |       |       ||     1
       Double sword      |       |       |       |       |   218 |   114 ||   332
       Demon trident     |       |       |       |       |     7 |       ||     7
       Long sword        |       |       |       |       |    34 |     4 ||    38
 Fire: Shortbow          |       |       |       |    45 |    22 |       ||    67
       Longbow           |       |       |       |       |    20 |       ||    20
       Arbalest          |       |       |       |       |     6 |       ||     6
Throw: Dart              |       |     8 |    52 |    78 |    48 |   120 ||   306
       Boomerang         |       |       |       |    40 |    64 |   135 ||   239
       Javelin           |       |       |       |       |     4 |       ||     4
       Throwing net      |       |       |       |       |     2 |       ||     2
 Cast: Summon Small Mamm |       |       |       |    27 |    11 |       ||    38
       Confusing Touch   |       |       |       |    14 |    21 |     7 ||    42
       Regeneration      |       |       |       |    12 |    40 |    40 ||    92
       Animate Dead      |       |       |       |    11 |    52 |    46 ||   109
       Vampiric Draining |       |       |       |     8 |       |     3 ||    11
       Apportation       |       |       |       |     2 |       |       ||     2
       Pain              |       |       |       |     3 |     2 |       ||     5
       Throw Icicle      |       |       |       |       |    12 |     3 ||    15
       Summon Ice Beast  |       |       |       |       |     8 |    34 ||    42
       Petrify           |       |       |       |       |     3 |     6 ||     9
       Lee's Rapid Decon |       |       |       |       |     3 |     1 ||     4
       Song of Slaying   |       |       |       |       |       |     6 ||     6
       Infusion          |       |       |       |       |       |     5 ||     5
       Swiftness         |       |       |       |       |       |     2 ||     2
Invok: Deal Four         |       |       |       |     1 |     9 |     9 ||    19
       Triple Draw       |       |       |       |     1 |       |       ||     1
       Stack Five        |       |       |       |       |     1 |     2 ||     3
 Abil: Draw Destruction  |       |     3 |     7 |    24 |    25 |    13 ||    72
       Draw Summoning    |       |     1 |     3 |     8 |    10 |     5 ||    27
       Draw Escape       |       |       |     1 |     1 |     3 |     3 ||     8
       Draw Stack        |       |       |       |       |     3 |    10 ||    13
Evoke: Wand              |    17 |     9 |     9 |       |    16 |    50 ||   101
       Phial of floods   |       |       |       |       |       |     2 ||     2
  Use: Scroll            |     2 |     2 |     4 |    21 |    20 |    17 ||    66
       Potion            |       |       |       |     7 |     3 |    24 ||    34
 Stab: Sleeping          |     1 |       |       |     9 |     9 |     1 ||    20
       Invisible         |       |       |     1 |     1 |     1 |    19 ||    22
       Confused          |       |       |       |     8 |     9 |     2 ||    19
       Distracted        |       |       |       |     6 |    15 |     9 ||    30
       Petrified         |       |       |       |       |     2 |     3 ||     5
       Petrifying        |       |       |       |       |     1 |     2 ||     3
       Paralysed         |       |       |       |       |       |     1 ||     1
  Eat: Chunk             |     1 |     9 |       |     7 |       |       ||    17
       Ration            |       |       |     2 |     5 |    15 |    10 ||    32
Armor: Leather armour    |    23 |       |       |       |       |       ||    23
       Scale mail        |    25 |     3 |       |       |   501 |   191 ||   720
       Plate armour      |       |   110 |   182 |       |       |       ||   292
       Troll leather arm |       |       |     5 |   239 |    13 |       ||   257
       Swamp dragon scal |       |       |       |       |       |   501 ||   501
Dodge: Dodged            |    82 |    73 |    88 |   431 |   824 |  1391 ||  2889
       Rpst.: Falchion   |       |       |     1 |       |       |       ||     1
       Double sword      |       |       |       |       |    50 |    24 ||    74
       Long sword        |       |       |       |       |     6 |     2 ||     8
